 Dungeon Crawl Stone Soup version 0.21-a0-496-g696f58f (webtiles) character file.

22 theanonym the Chiller (level 2, 2/19 HPs)
             Began as a Demonspawn Ice Elementalist on Nov 24, 2017.
             Quit the game on level 1 of the Dungeon.
             The game lasted 00:01:53 (592 turns).

theanonym the Chiller (Demonspawn Ice Elementalist)  Turns: 592, Time: 00:01:54

Health: 2/19       AC:  5    Str:  8    XL:     2   Next: 68%
Magic:  5/5        EV: 12    Int: 16    God:
Gold:   25         SH:  0    Dex: 13    Spells: 3/6 levels left

rFire    . . .     SeeInvis .   e - +0 short sword
rCold    . . .     Gourm    .   (no shield)
rNeg     . . .     Faith    .   a - +0 robe
rPois    .         Spirit   .   (no helmet)
rElec    .         Reflect  .   (no cloak)
rCorr    .         Harm     .   (no gloves)
MR       .....                  f - +0 pair of boots
Stlth    ++........             (no amulet)
HPRegen  0.06/turn              (no ring)
MPRegen  0.09/turn              (no ring)

@: drained
A: iridescent scales 1
a: no special abilities


Innate Abilities, Weirdness & Mutations

You are partially covered in iridescent scales. (AC +2)


   Skills:
 - Level 1.7(1.6) Dodging
 - Level 1.7(1.6) Stealth
 + Level 2.6(2.5) Spellcasting
 - Level 1.0(0.9) Conjurations
 + Level 3.2(3.1) Ice Magic


You had 3 spell levels left.
You knew the following spells:

 Your Spells              Type           Power        Failure   Level  Hunger
a - Freeze                Ice            ##..         5%          1    #......
b - Throw Frost           Conj/Ice       #.....       13%         2    ##.....

Skill      XL: |  1 |
---------------+----+-----
Ice Magic      | 3 |  3.2
Dodging        | |  1.7
Stealth        | |  1.7
Spellcasting   | |  2.6
Conjurations   | |  1.0

Action                   || total
-------------------------++-------
Melee: Short sword       ||    36
       Unarmed           ||     4
 Cast: Freeze            ||    18
 Stab: Sleeping          ||     4
Armor: Robe              ||    34
Dodge: Dodged            ||   105

Inventory:

Hand Weapons
 e - a +0 short sword (weapon)
   (You found it on level 1 of the Dungeon)
Armour
 a - a +0 robe (worn)
 f - a +0 pair of boots (worn)
   (You found it on level 1 of the Dungeon)
Scrolls
 g - a scroll of random uselessness {unknown}
 h - a scroll of enchant weapon {unknown}
Potions
 i - a potion of resistance {unknown}
Books
 b - a book of Frost

   Spells                             Type                      Level
   a - Freeze                         Ice                          1
   b - Throw Frost                    Conjuration/Ice              2
   c - Ozocubu's Armour               Charms/Ice                   3
   d - Throw Icicle                   Conjuration/Ice              4
   e - Summon Ice Beast               Ice/Summoning                4
Comestibles
 c - a bread ration
 d - 4 chunks of flesh

Dungeon Overview and Level Annotations

Branches:
Dungeon (2/15)

Altars:


You were on level 1 of the Dungeon.
You were not hungry.

You visited 1 branch of the dungeon, and saw 2 of its levels.

You collected 25 gold pieces.


Message History

You barely miss the kobold. The kobold hits you but does no damage.
Aim: a kobold, wielding a short sword (heavily wounded)
You miscast Freeze.
You shiver with cold.
* * * LOW MAGIC WARNING * * *
The kobold hits you but does no damage.
You now have 0/5 mp.
You don't have enough magic to cast that spell.
You barely miss the kobold. The kobold hits you but does no damage.
The kobold closely misses you.
You hit the kobold but do no damage. The kobold hits you with a short sword.
* * * LOW HITPOINT WARNING * * *
You take 2 damage, and have 7/19 hp.
You barely miss the kobold. The kobold closely misses you.
You aren't carrying any items that you can evoke.
Unknown command.
Aim: a kobold, wielding a short sword (heavily wounded)
You freeze the kobold.
You kill the kobold!
* * * LOW MAGIC WARNING * * *
The hobgoblin misses you.
You now have 0/5 mp.
You closely miss the hobgoblin. The hobgoblin hits you with a club.
* * * LOW HITPOINT WARNING * * *
You take 4 damage, and have 3/19 hp.
MASSIVE DAMAGE!!
Found 18 stones.
A bat and a rat come into view.
A hobgoblin comes into view. It is wielding a club.
The kobold throws a stone.
The stone barely misses you. The bat closely misses you.
The bat closely misses you. The hobgoblin barely misses you.
The bat hits you but does no damage. The bat barely misses you.
The bat hits you.
* * * LOW HITPOINT WARNING * * *
You take 1 damage, and have 3/19 hp.
The bat misses you. The bat completely misses you. The bat closely misses you.
Your magical contamination has completely faded away.
The bat barely misses you.
The kobold throws a stone.
The stone hits you but does no damage.
You see here a stone.
The bat hits you but does no damage. The bat closely misses you.
The bat closely misses you. The bat barely misses you. x2
The bat hits you but does no damage. The bat closely misses you.
The bat closely misses you. The bat hits you but does no damage.
The bat misses you. The bat misses you. The bat barely misses you.
The bat barely misses you. The bat misses you. The bat closely misses you.
The bat completely misses you. The bat hits you but does no damage.
The bat hits you but does no damage. The bat hits you but does no damage.
The bat misses you.
Some of the chunks of flesh in your inventory have rotted away.
The bat hits you but does no damage. The bat hits you but does no damage.
The bat closely misses you. The bat closely misses you.
The bat barely misses you. The bat barely misses you.
The bat closely misses you. The bat hits you but does no damage.
The bat closely misses you. The bat barely misses you.
The bat completely misses you. The bat hits you but does no damage.
The bat barely misses you. The bat barely misses you.
The bat hits you but does no damage. The bat closely misses you. x2
MP restored: 5 The bat hits you but does no damage.
The kobold throws a stone.
The stone hits you.
* * * LOW HITPOINT WARNING * * *
You see here a stone.
You take 3 damage, and have 2/19 hp.
The bat hits you.
* * * LOW HITPOINT WARNING * * *
You take 1 damage, and have 1/19 hp.
The bat barely misses you.
There is a stone staircase leading down here.
The bat closely misses you.
You climb downwards.
An adder comes into view.
There is a stone staircase leading up here.
A rat comes into view.
Found a helmet.
Found a stone staircase leading up.
A hobgoblin comes into view. It is wielding a club.
There is a stone staircase leading up here.
The rat closely misses you.
You climb upwards.
A bat, a rat, a kobold, 2 giant lizards and a dart slug come into view.
The bat misses you.
The frilled lizard hisses angrily.
Found a white potion.
There is a stone staircase leading down here.

#.#........ ...
........#.#.
.r.
...#...#....
...
.#.....##.#.#
###.### ###
##... # #K....#
# #.#.
###.#...l.#.#.#
..
......wl......#
# #..@b.# .
#!....# ###.###
... ###


You could see a dart slug, a leopard gecko (sleeping), a bat, a kobold
(sleeping), a frilled lizard and a rat.

Notes
Turn   | Place    | Note
-------+----------+-------------------------------------------
     0 | D:1      | theanonym the Demonspawn Ice Elementalist began the quest for the Orb.
     0 | D:1      | Reached XP level 1. HP: 13/13 MP: 3/3
   279 | D:1      | Reached skill level 3 in Ice Magic
   279 | D:1      | Gained mutation: You are partially covered in iridescent scales. (AC +2) [demonic ancestry]
   279 | D:1      | Reached XP level 2. HP: 16/19 MP: 1/5
   470 | D:1      | Learned a level 2 spell: Throw Frost
   522 | D:1      | HP: 9/19 [kobold/short sword (5)]
   529 | D:1      | HP: 3/19 [hobgoblin/club (4)]
   543 | D:1      | HP: 3/19 [bat (1)]
   582 | D:1      | HP: 2/19 [kobold/stone (3)]
   592 | D:1      | Quit the game

Vanquished Creatures
  A dart slug (D:1)
  A giant cockroach (D:1)
  3 goblins (D:1)
  A hobgoblin (D:1)
  3 kobolds (D:1)
  4 bats (D:1)
  A frilled lizard (D:1)
  5 rats (D:1)
19 creatures vanquished.
